 Dungeon Crawl Stone Soup version 0.28-a0-1395-g4f6bc678fa (webtiles) character file.

Game seed: 12914670103003321933

203 HallandMoats the Unbeliever (level 5, -7/63 HPs)
             Began as a Demonspawn Fighter on Jan 5, 2022.
             Succumbed to Crazy Yiuf's poison
             ... on level 2 of the Dungeon.
             The game lasted 00:02:14 (2073 turns).

HallandMoats the Unbeliever (Demonspawn Fighter)    Turns: 2073, Time: 00:02:14

Health: -7/63      AC:  7    Str: 16    XL:     5   Next: 51%
Magic:  7/7        EV:  9    Int: 10    God:
Gold:   57         SH:  5    Dex: 14    Spells: 4/4 levels left

rFire   . . .      SeeInvis .   b - +2 spear (vorpal)
rCold   . . .      Faith    .   c - +0 buckler
rNeg    . . .      Spirit   .   i - +0 scale mail
rPois   .          Reflect  .   (no helmet)
rElec   .          Harm     .   (no cloak)
rCorr   .          Rampage  .   (no gloves)
Will    .....                   (no boots)
Stlth   ..........              (no amulet)
HPRegen 0.20/turn               (no ring)
MPRegen 0.20/turn               (no ring)

@: berserking, lethally poisoned (-7 -> -44), very quick
A: rugged brown scales 1, magic regeneration
a: no special abilities


You were on level 2 of the Dungeon.
You visited 1 branch of the dungeon, and saw 2 of its levels.

You collected 57 gold pieces.

Inventory:

Hand Weapons
 a - a +0 war axe
 b - a +2 vorpal spear (weapon)
Armour
 c - a +0 buckler (worn)
 d - a +0 robe of fire resistance
 i - a +0 scale mail (worn)
Scrolls
 e - a scroll of amnesia {unknown}
 f - a scroll of fear {unknown}
 g - a scroll of enchant armour {unknown}
 j - a scroll of enchant weapon {unknown}
 k - a scroll of teleportation {unknown}


   Skills:
 + Level 3.5 Fighting
 + Level 2.5 Axes
 + Level 3.2 Armour
 + Level 1.3 Dodging
 + Level 3.4 Shields
 * Level 3.6 Invocations


You had 4 spell levels left.
You didn't know any spells.
Your spell library contained the following spells:

 Spells                   Type           Power      Damage    Failure   Level
 Static Discharge         Conj/Air       0%         N/A       91%         2
 Lightning Bolt           Conj/Air       0%         1d11      100%        5
 Maxwell's Capacitive Co  Air            0%         ∞         100%        8


Dungeon Overview and Level Annotations

Branches:
Dungeon (2/15)

Altars:

Annotations:
D:2 Crazy Yiuf


Innate Abilities, Weirdness & Mutations

You are partially covered in rugged brown scales. (AC +1, +3% HP)
You regenerate magic rapidly.


Message History

Things that are here:
a +0 short sword; 2 stones
There is a stone staircase leading up here.
Key pressed, stopping explore.
You see here a +0 mace.
Crazy Yiuf shouts!
Could not explore, unopened runed door.
Could not explore, unopened runed door.
Could not explore, unopened runed door.
Could not explore, unopened runed door.
You open the door. You hit Crazy Yiuf but do no damage.
Crazy Yiuf barely misses you.
You hit Crazy Yiuf.
Crazy Yiuf is lightly wounded.
Crazy Yiuf cries, "Goober horse disdain!"
You block Crazy Yiuf's attack.
You hit Crazy Yiuf.
Crazy Yiuf is moderately wounded.
Crazy Yiuf hits you with a +2 quarterstaff of chaos.
Crazy Yiuf burns you.
You closely miss Crazy Yiuf.
Crazy Yiuf is moderately wounded.
You block Crazy Yiuf's attack.
You hit Crazy Yiuf.
Crazy Yiuf is heavily wounded.
Crazy Yiuf drinks a potion.
Crazy Yiuf seems to grow stronger.
You barely miss Crazy Yiuf.
Crazy Yiuf is heavily wounded.
Crazy Yiuf hits you with a +2 quarterstaff of chaos!
You hit Crazy Yiuf.
Crazy Yiuf is severely wounded.
Crazy Yiuf says, "Gnoll aubergine hand!"
Crazy Yiuf hits you with a +2 quarterstaff of chaos!!
Ouch! That really hurt!
* * * LOW HITPOINT WARNING * * *
You are lethally poisoned!
It was a potion of berserk rage.
A red film seems to cover your vision as you go berserk!
You feel yourself moving faster!
You feel mighty!
You die...

#...### #...
#...# #... #...#
#... ##### #...
#####...
♣♣♣♣♣###.......
###
♣♣♣.♣..+.#.######
#...#♣..♣.....).#
#...g@♣♣♣♣))....#
#)..#♣♣ ♣♣.+..##
### ♣♣####


You could see Crazy Yiuf (strong).

Vanquished Creatures
  Sigmund (D:2)
  A dart slug (D:1)
  4 bats (D:2)
  5 endoplasms
  A giant cockroach (D:1)
  8 hobgoblins
  4 quokkas
  3 ball pythons
  4 frilled lizards (D:1)
  4 goblins
  4 kobolds
  5 rats
44 creatures vanquished.

Notes
Turn   | Place    | Note
-------+----------+-------------------------------------------
     0 | D:1      | HallandMoats the Demonspawn Fighter began the quest for the
                  | Orb.
     0 | D:1      | Reached XP level 1. HP: 18/18 MP: 1/1
   130 | D:1      | Reached skill level 1 in Invocations
   131 | D:1      | Gained mutation: You are partially covered in rugged brown
                  | scales. (AC +1, +3% HP) [demonic ancestry]
   131 | D:1      | Reached XP level 2. HP: 10/24 MP: 2/2
  1012 | D:1      | Reached XP level 3. HP: 29/29 MP: 4/4
  1535 | D:2      | Found a runed translucent door.
  1536 | D:2      | Noticed Crazy Yiuf
  1748 | D:2      | Noticed Sigmund
  1755 | D:2      | Killed Sigmund
  1756 | D:2      | Reached skill level 1 in Dodging
  1756 | D:2      | Gained mutation: You regenerate magic rapidly. [demonic
                  | ancestry]
  1756 | D:2      | Reached XP level 4. HP: 16/36 MP: 4/6
  1756 | D:2      | Reached XP level 5. HP: 19/42 MP: 4/7
  2072 | D:2      | HP: 1/42 [Crazy Yiuf (23)]
  2073 | D:2      | Succumbed to Crazy Yiuf's poison

Illustrated notes

Levels and vault maps discovered:
D:1:      dpeg_arrival_shrine, layout_rooms, minmay_stone_trees_small
D:2:      layout_rooms, chequers_jeans, supply_closet_lemuel,
          kennysheep_generic_room_5, uniq_crazy_yiuf_cottage, uniq_sigmund

Skill      XL: |  1  2  3 |
---------------+----------+-----
Invocations    | 1 2 3 |  3.6
Axes           | 2 |  2.5
Shields        | 3 |  3.4
Armour         | 3 |  3.2
Dodging        | 1 |  1.3
Fighting       | |  3.5

Action                   |  1- 3 |  4- 6 || total
-------------------------+-------+-------++-------
Melee: War axe           |    80 |       ||    80
       Spear             |    23 |    11 ||    34
  Use: Potion            |     1 |     1 ||     2
Armor: Scale mail        |    46 |     3 ||    49
Dodge: Dodged            |    46 |     2 ||    48
Block: Buckler           |    25 |     2 ||    27

Table legend: (Time is in decaauts)
 A = Elapsed time spent in this place.
 B = Non-inter-level travel time spent in this place.
 C = Inter-level travel time spent in this place.
 D = Time resting spent in this place.
 E = Time spent auto-exploring this place.
 F = Levels seen in this place.
 G = Mean time per level.
                   A        B        C        D        E       F      G
               +--------+--------+--------+--------+--------+-----+--------+
         Total |   2109 |   2047 |     62 |    373 |   1407 |   2 | 1054.5 |
       Dungeon |   2109 |   2047 |     62 |    373 |   1407 |   2 | 1054.5 |
               +--------+--------+--------+--------+--------+-----+--------+

Top non-repeatable levels by time:
     D:1: 1319 daAuts
     D:2: 790 daAuts
